 Dungeon Crawl Stone Soup version 0.23-a0-389-g4a5eb334b0 (webtiles) character file.

3187 Yermak the Fighter (level 9, -2/76 HPs)
             Began as a Barachi Hunter on Oct 30, 2018.
             Slain by Psyche the wolf (6 damage)
             ... on level 9 of the Dungeon.
             The game lasted 00:27:34 (3181 turns).

Yermak the Fighter (Barachi Hunter)                 Turns: 3181, Time: 00:27:35

Health: -2/76      AC: 10    Str: 13      XL:     9   Next: 95%
Magic:  21/21      EV:  9    Int: 21      God:
Gold:   160        SH: 10    Dex: 14 (15) Spells: 7/10 levels left

rFire    . . .     SeeInvis .     - Unarmed
rCold    . . .     Gourm    .   S - +0 shield
rNeg     . . .     Faith    .   C - +0 ring mail
rPois    .         Spirit   .   O - +1 helmet
rElec    .         Reflect  .   (no cloak)
rCorr    .         Harm     .   V - +0 pair of gloves
MR       .....                  (no boots)
Stlth    ++........             (no amulet)
HPRegen  0.22/turn              L - ring of magical power
MPRegen  0.17/turn              G - +6 ring of intelligence

@: can't hop, slowed, very slow
A: +LOS, swims, slimy green scales 1, agile 1, slowness 1, strong legs 1
a: Hop


You were on level 9 of the Dungeon.
You were very full.

You visited 2 branches of the dungeon, and saw 11 of its levels.

You collected 300 gold pieces.
You spent 140 gold pieces at shops.

Inventory:

Hand Weapons
 b - a +1 hand crossbow
 q - a +0 blowgun
 w - a +2 dagger of venom
 I - a +0 dagger of venom
Missiles
 a - 4 stones (quivered)
 d - 27 bolts
 v - 23 arrows
 X - 7 tomahawks
Armour
 C - a +0 ring mail (worn)
 O - a +1 helmet (worn)
 S - a +0 shield (worn)
 V - a +0 pair of gloves (worn)
Jewellery
 o - an uncursed ring of poison resistance
 G - a +6 ring of intelligence (right hand)
 L - a ring of magical power (left hand)
Wands
 y - a wand of random effects (14)
 E - a wand of enslavement (6)
 M - a wand of polymorph (10)
Scrolls
 u - a scroll of immolation {unknown}
 x - a scroll of amnesia {unknown}
 D - 4 scrolls of identify
 F - a scroll of fog
 J - a scroll of enchant weapon
 K - a scroll of random uselessness
 N - 6 scrolls of remove curse
 P - 3 scrolls of enchant armour
 T - 2 scrolls of teleportation
Potions
 B - 3 potions of mutation
 H - a potion of haste {unknown}
 Q - 2 potions of degeneration
 R - a potion of resistance {unknown}
 U - a potion of invisibility {unknown}
 W - a potion of flight {unknown}
 Y - a potion of lignification {unknown}
Comestibles
 z - 12 rations


   Skills:
 - Level 9.1 Fighting
 - Level 4.0 Crossbows
 - Level 2.1 Dodging
 - Level 3.1 Stealth
 + Level 6.8 Shields
 - Level 6.2 Unarmed Combat
 - Level 1.4 Spellcasting
 - Level 4.1 Charms
 - Level 2.0 Necromancy
 - Level 4.7 Evocations


You had 7 spell levels left.
You knew the following spells:

 Your Spells              Type           Power        Failure   Level  Hunger
R - Regeneration          Chrm/Necr      ##........   63%         3    ####...

Your spell library contained the following spells:

 Spells                   Type           Power        Failure   Level  Hunger
 Infusion                 Chrm           ###.         19%         1    ##.....
 Song of Slaying          Chrm           ###.....     28%         2    ###....
 Shroud of Golubria       Chrm/Tloc      ##........   54%         2    ###....
 Spectral Weapon          Hex/Chrm       ##......     78%         3    ####...


Dungeon Overview and Level Annotations

Branches:
Dungeon (10/15)            Temple (1/1) D:7            Lair (0/6) D:9
    Orc: D:9-12

Altars:
Ashenzari
Dithmenos
Elyvilon
Fedhas
Hepliaklqana
Kikubaaqudgha
Makhleb
Nemelex Xobeh
Okawaru
Qazlal
Ru
Sif Muna
Trog
Uskayaw
Vehumet
Wu Jian
Xom
Yredelemnul
Zin

Shops:
D:5 !

Annotations:
D:9 Psyche


Innate Abilities, Weirdness & Mutations

Shadows flee at your approach. (+LOS)
You can swim through water.
You cover ground slowly.
You can hop short distances.
You are partially covered in slimy green scales. (AC +2)
You are agile. (Dex +2)


Message History

Something hits you but does no damage.
You feel yourself slow down.
Unknown command.
It was a potion of curing.
You feel better.
Something hits you but does no damage. x2; You are electrocuted!
* * * LOW HITPOINT WARNING * * *
Hop to where?
Press: ? - help, Dir - move target cursor Boing!
Unknown command.
Evoke which item? (* to show all) (? for menu, Esc to quit)
Aiming: Polymorph
Press: ? - help, Shift-Dir - straight line, f - you Psyche appears out of thin air!
You block Psyche's attack.
Okay, then.
Evoke which item? (* to show all) (? for menu, Esc to quit)
Aiming: Enslavement
Press: ? - help, Shift-Dir - straight line, f - Psyche
Aim: Psyche the wolf (lightly wounded, chance to defeat MR: 60%) Psyche resists with significant effort.
Psyche bites you.
You die...

.# #. #.# #. .. #..# #.#
#. .####..###.# ##
...........##
.J##........ ...........#
..#######..# ###### ..
..#######..########.ยง[)#
##
................@h).##.#
#.#######..########## (..
#.# #..# .### #.# #..# (#
#.# #... (. ... #..## .#
... ...# (# ... .... .#
#... #.#.#


You could see Psyche the wolf.

Vanquished Creatures
  Pikel (D:7)
  A komodo dragon (D:9)
  A troll (D:9)
  A slime creature (D:9)
  Sigmund (D:3)
  A sky beast (D:7)
  A phantom (D:6)
  2 slaves (D:7)
  An ice beast (D:8)
  2 ogres
  An orc warrior (D:8)
  2 necrophages
  A centaur (D:9)
  2 big kobolds
  4 bullfrogs
  A scorpion (D:5)
  A howler monkey (D:7)
  2 quasits
  4 hounds
  2 orc priests
  5 orc wizards
  A bullfrog skeleton (D:9)
  A worker ant (D:9)
  A howler monkey zombie (D:5)
  Robin (D:3)
  A howler monkey skeleton (D:9)
  7 adders
  3 shadow imps
  2 oozes (D:2)
  2 dart slugs
  3 leopard geckos
  16 orcs
  2 ball pythons
  2 bats (D:3)
  4 giant cockroaches
  11 goblins
  10 hobgoblins
  9 jackals
  14 kobolds
  A quokka (D:8)
  2 frilled lizards
  2 rats
  A plant (D:9)
133 creatures vanquished.

Vanquished Creatures (others)
  A slave (D:7)
  A centaur (D:7)
  A killer bee (D:7)
  A hound (D:7)
  A worker ant (D:7)
  4 plants (D:9)
9 creatures vanquished.

Grand Total: 142 creatures vanquished

Notes
Turn   | Place    | Note
-------+----------+-------------------------------------------
     0 | D:1      | Yermak the Barachi Hunter began the quest for the Orb.
     0 | D:1      | Reached XP level 1. HP: 17/17 MP: 1/1
    69 | D:1      | Reached skill level 3 in Fighting
    81 | D:1      | Reached XP level 2. HP: 21/24 MP: 2/2
   231 | D:2      | Reached skill level 4 in Fighting
   231 | D:2      | Reached XP level 3. HP: 23/30 MP: 3/3
   347 | D:2      | Reached skill level 5 in Fighting
   347 | D:2      | Reached XP level 4. HP: 11/39 MP: 4/4
   494 | D:2      | Found a hide-covered altar of Uskayaw.
   494 | D:2      | Found a hazy altar of Hepliaklqana.
   646 | D:3      | Noticed Robin
   660 | D:3      | Killed Robin
   736 | D:3      | Reached skill level 6 in Fighting
   739 | D:3      | Reached XP level 5. HP: 23/46 MP: 5/5
   805 | D:3      | Reached skill level 1 in Unarmed Combat
   893 | D:3      | Noticed Sigmund
   904 | D:3      | Killed Sigmund
   904 | D:3      | Reached XP level 6. HP: 25/52 MP: 6/6
  1057 | D:5      | Entered Level 5 of the Dungeon
  1114 | D:5      | Noticed a necrophage
  1120 | D:5      | Killed a necrophage
  1191 | D:5      | Reached XP level 7. HP: 57/57 MP: 7/7
  1236 | D:6      | Reached skill level 3 in Unarmed Combat
  1288 | D:5      | Found Vadel's Distillery.
  1296 | D:5      | Bought a potion of heal wounds for 70 gold pieces
  1296 | D:5      | Bought a potion of agility for 56 gold pieces
  1296 | D:5      | Bought a potion of degeneration for 14 gold pieces
  1676 | D:7      | Noticed Pikel
  1682 | D:7      | Gained mutation: You are partially covered in slimy green
                  | scales. (AC +2) [potion of mutation]
  1682 | D:7      | Gained mutation: You are agile. (Dex +2) [potion of
                  | mutation]
  1700 | D:7      | Killed Pikel
  1700 | D:7      | Reached skill level 9 in Fighting
  1700 | D:7      | Reached XP level 8. HP: 20/71 MP: 8/8
  1754 | D:8      | Reached skill level 1 in Stealth
  1846 | D:6      | Found a bloodstained altar of Trog.
  2022 | D:7      | Reached skill level 3 in Stealth
  2090 | D:7      | Found a staircase to the Ecumenical Temple.
  2097 | Temple   | Entered the Ecumenical Temple
  2204 | D:7      | Learned a level 3 spell: Regeneration
  2241 | D:8      | Reached skill level 6 in Unarmed Combat
  2313 | D:9      | Reached XP level 9. HP: 52/76 MP: 9/9
  2433 | D:8      | Reached skill level 1 in Charms
  2440 | D:8      | Reached skill level 1 in Spellcasting
  2440 | D:8      | Reached skill level 1 in Necromancy
  2683 | D:10     | Entered Level 10 of the Dungeon
  2690 | D:10     | Reached skill level 3 in Charms
  2930 | D:6      | You fall through a shaft for 3 floors!
  2930 | D:9      | Found a staircase to the Lair.
  2930 | D:9      | Noticed a komodo dragon
  2930 | D:9      | Noticed a troll
  2935 | D:9      | Killed a komodo dragon
  2935 | D:9      | Reached skill level 3 in Evocations
  2963 | D:9      | Killed a troll
  3124 | D:9      | Reached skill level 6 in Shields
  3148 | D:9      | Noticed Psyche
  3178 | D:9      | HP: 3/76 [something (20)]
  3180 | D:9      | Noticed Psyche
  3181 | D:9      | Slain by Psyche the wolf

Vault maps used:
D:1:      saegor_arrival_simple_e
D:2:      gammafunk_temple_overflow_wave
D:3:      uniq_robin, uniq_sigmund
D:4:      nicolae_gozag_seed_capital,
          chequers_temple_overflow_statue_of_worship, first_ration,
          minmay_stone_trees_small, wad_woods_river_04, uniq_eustachio
D:5:      cheibrodos_two_vegetables, serial_shops, kennysheep_little_box,
          minmay_misc_feat_room
D:6:      overflow_temple_1_default
D:7:      minmay_temple_entry_statues_pillars, uniq_menkaure, uniq_pikel
D:9:      david_lair_shrubbed, uniq_psyche
Temple:   nicolae_temple_elliptical

Skill      XL: |  1  2  3  4  5  6  7  8  9 |
---------------+----------------------------+-----
Fighting       | 3 4 5 6 9 |  9.1
Unarmed Combat | 1 2 4 6 |  6.2
Shields        | 4 5 6 |  6.8
Stealth        | 3 |  3.1
Charms         | 4 |  4.1
Spellcasting   | 1 |  1.4
Necromancy     | 2 |  2.0
Evocations     | 4 |  4.7
Crossbows      | |  4.0
Dodging        | |  2.1

Action                   |  1- 3 |  4- 6 |  7- 9 || total
-------------------------+-------+-------+-------++-------
Melee: Short sword       |     9 |       |       ||     9
       Dagger            |    31 |    73 |    80 ||   184
       Unarmed           |       |       |   221 ||   221
 Fire: Hand crossbow     |    24 |    33 |   116 ||   173
 Cast: Regeneration      |       |       |     4 ||     4
 Abil: Hop               |       |       |     6 ||     6
Evoke: Wand              |       |       |    13 ||    13
  Use: Scroll            |       |     2 |     6 ||     8
       Potion            |       |       |     4 ||     4
 Stab: Sleeping          |       |       |     2 ||     2
  Eat: Ration            |       |     3 |     3 ||     6
Armor: Leather armour    |     1 |       |       ||     1
       Ring mail         |    16 |    20 |   136 ||   172
Dodge: Dodged            |    45 |    32 |   111 ||   188
Block: Shield            |       |     8 |   152 ||   160

Table legend:
 A = Non-vault XP
 B = Vault XP
 C = Vault XP percentage of total XP
 D = Non-vault monster count
 E = Vault monster count
 F = Vault count percentage of total count
                 A         B        C        D         E       F
            +---------+---------+-------+---------+---------+-------
      Total |    3307 |    1246 |  27.4 |     114 |      16 |  12.3
            +---------+---------+-------+---------+---------+-------
        D:1 |      12 |       0 |   0.0 |       6 |       0 |   0.0
        D:2 |      91 |       0 |   0.0 |      18 |       0 |   0.0
        D:3 |      37 |     267 |  87.8 |      15 |      14 |  48.3
        D:4 |      16 |       0 |   0.0 |       2 |       0 |   0.0
        D:5 |     201 |       0 |   0.0 |       4 |       0 |   0.0
        D:6 |     405 |       0 |   0.0 |      19 |       0 |   0.0
        D:7 |     468 |     629 |  57.3 |       6 |       1 |  14.3
        D:8 |     424 |       0 |   0.0 |       9 |       0 |   0.0
        D:9 |    1402 |     350 |  20.0 |      33 |       1 |   2.9
       D:10 |     251 |       0 |   0.0 |       2 |       0 |   0.0
            +---------+---------+-------+---------+---------+-------
